cohdb
Replays
Latest Replays
All Replays
Popular Replays
Top Player Replays
Match Explorer
How It Works
Community
CoH3 Stats
Reddit
Sign in to upload your games and track your stats! →
Sign in with Steam
Match 39824735
Unlisted
Match 39824735
Overview
Messages
Build Orders
End
Construct Infanterie Kompanie
Selects Breakthrough Battlegroup
MG 42 Machine Gun Team
Grenadier Squad
Grenadier Squad
Selects Assault Grenadiers
Selects Assault Grenadiers
Selects Smoke Bombing Run
Infanterie Officer Quarters
MG 42 Machine Gun Team
GrW 34 Mortar Team
Construct Luftwaffe Kompanie
Smoke Bombing Run
Medical Station
Jäger Squad
Smoke Bombing Run
Selects Incendiary Bombing Run
Grenadier Squad
Support Elements
Flak 30 Anti-aircraft Gun Team
Selects Rapid Production
Incendiary Bombing Run
Wirbelwind Flakpanzer
Jäger Squad
Jäger Squad
Crimson_Reaper
Playnice
Nashorn101
Enceladus
Nomadic_09
ATM村夫
0
0
Comments
sign in to comment!
No comments posted yet!